 Dungeon Crawl Stone Soup version 0.22-a0-617-g6d95e9e (webtiles) character file.

12 iamserjio the Chopper (level 2, -1/28 HPs)
             Began as a Naga Berserker on July 12, 2018.
             Was a Follower of Trog.
             Slain by a goblin (3 damage)
             ... on level 1 of the Dungeon.
             The game lasted 00:00:52 (75 turns).

iamserjio the Chopper (Naga Berserker)                Turns: 75, Time: 00:00:52

Health: -1/28      AC:  1    Str: 19    XL:     2   Next: 33%
Magic:  2/2        EV: 10    Int:  7    God:    Trog [*.....]
Gold:   4          SH:  0    Dex: 10    Spells: 1/1 levels left

rFire    . . .     SeeInvis +   a - +0 hand axe
rCold    . . .     Gourm    .   (no shield)
rNeg     . . .     Faith    .   b - +0 animal skin
rPois    +         Spirit   .   (no helmet)
rElec    .         Reflect  .   (no cloak)
rCorr    .         Harm     .   (no gloves)
MR       .....                  (no barding)
Stlth    +.........             (no amulet)
HPRegen  0.09/turn              (no ring)
MPRegen  0.08/turn              (no ring)

@: short of breath, very slow
A: large, see invisible, deformed body, poison resistance, slowness 2, slow
metabolism 1, spit poison 1, AC +0
a: Spit Poison, Berserk, Renounce Religion


You were on level 1 of the Dungeon.
You worshipped Trog.
Trog was aware of your devotion.
You were not hungry.

You visited 1 branch of the dungeon, and saw 2 of its levels.

You collected 4 gold pieces.

Inventory:

Hand Weapons
 a - a +0 hand axe (weapon)
Armour
 b - a +0 animal skin (worn)
Comestibles
 c - a ration
 d - a chunk of flesh


   Skills:
 + Level 3.1 Fighting
 * Level 3.3 Axes
 + Level 1.7 Armour
 - Level 1.5 Dodging
 + Level 1.2 Stealth


You had one spell level left.
You didn't know any spells.
Your spell library was empty.

Dungeon Overview and Level Annotations

Branches:
Dungeon (2/15)

Altars:


Innate Abilities, Weirdness & Mutations

You cannot wear boots.
Your serpentine skin is tough. (AC +0)
You have supernaturally acute eyesight. (SInv)
Armour fits poorly on your strangely shaped body.
Your system is resistant to poisons. (rPois)
You cover ground very slowly.
You have a slow metabolism.
You can spit poison.


Message History

You see here a stone.
You aren't carrying any potions.
The goblin shouts!
The kobold throws a stone.
The stone hits you but does no damage.
You see here a stone.
You closely miss the giant cockroach. The giant cockroach barely misses you.
The giant cockroach bites you but does no damage.
You slash the giant cockroach!
You kill the giant cockroach!
Trog accepts your kill.
Press: ? - help, Shift-Dir - straight line, f - goblin
Aim: a goblin The splash of poison misses the goblin.
The splash of poison misses the kobold.
You feel slightly more hungry.
You recover from your berserk rage.
The goblin hits you but does no damage.
You hit the goblin.
The goblin is severely wounded.
The goblin hits you.
You die...

##.......###.#
#......#...#.#
...............#
..#............#
. ##...##.....##
##.# ##...## ##
##(## #.# #@#
#######g##
#......K.#
#.###.#..#
#.....# .......#
.##...#.# # #..#
.# ... .#


You could see a goblin and a kobold.

Vanquished Creatures
  2 oozes
  A giant cockroach (D:1)
  A goblin (D:2)
  A rat (D:1)
5 creatures vanquished.

Notes
Turn   | Place    | Note
-------+----------+-------------------------------------------
     0 | D:1      | iamserjio the Naga Berserker began the quest for the Orb.
     0 | D:1      | Reached XP level 1. HP: 21/21 MP: 1/1
    36 | D:2      | Reached XP level 2. HP: 17/28 MP: 2/2
    57 | D:1      | Reached skill level 1 in Stealth
    75 | D:1      | Slain by a goblin

Vault maps used:
D:1:      dpeg_arrival_simpleton_b
D:2:      lemuel_coloured_pillars_altar, uniq_jessica

Skill      XL: |  1  2 |
---------------+-------+-----
Stealth        | 1 |  1.2
Fighting       | |  3.1
Axes           | |  3.3
Armour         | |  1.7
Dodging        | |  1.5

Action                   || total
-------------------------++-------
Melee: Hand axe          ||    20
Invok: Berserk           ||     1
 Abil: Spit Poison       ||     1
 Stab: Sleeping          ||     1
Armor: Animal skin       ||     2
Dodge: Dodged            ||    10

Table legend:
 A = Spawn XP
 B = Non-spawn XP
 C = Spawn XP percentage of total XP
 D = Spawn monster count
 E = Non-spawn monster count
 F = Spawn count percentage of total count
 G = Total turns spent on level
                    A         B        C        D         E        F      G
               +---------+---------+-------+---------+---------+-------+---------
         Total |       0 |      18 |   0.0 |       0 |       5 |   0.0 |    75
               +---------+---------+-------+---------+---------+-------+---------
           D:1 |       0 |       9 |   0.0 |       0 |       3 |   0.0 |    63
           D:2 |       0 |       9 |   0.0 |       0 |       2 |   0.0 |    12
               +---------+---------+-------+---------+---------+-------+---------
